 Dungeon Crawl Stone Soup version 0.30-a0-1075-gcd70e7a56d (webtiles) character file.

Game seed: 423733485564192490

254 Adrian566 the Slasher (level 5, -1/42 HPs)
             Began as a Demonspawn Fighter on Apr 14, 2023.
             Killed by divine providence
             ... invoked by an orc priest
              (10 damage)
             ... on level 3 of the Dungeon.
             The game lasted 00:01:45 (2379 turns).

Adrian566 the Slasher (Demonspawn Fighter)          Turns: 2379, Time: 00:01:47

Health: -1/42      AC:  8    Str: 17    XL:     5   Next: 91%
Magic:  5/5        EV: 11    Int:  9    God:
Gold:   97         SH:  5    Dex: 14    Spells: 4/4 levels left

rFire   . . .      SeeInvis .    a - +0 long sword
rCold   . . .      Faith    .    c - +0 buckler
rNeg    . . .      Spirit   .    b - +0 scale mail
rPois   .          Reflect  .    k - +0 helmet
rElec   .          Rampage  .    (no cloak)
rCorr   .                        (no gloves)
Will    .....                    (no boots)
Stlth   +                        (no amulet)
HPRegen 0.27/turn                (no ring)
MPRegen 0.09/turn                (no ring)

@: no status effects
A: sturdy frame 3
a: no special abilities


You were on level 3 of the Dungeon.
You visited 1 branch of the dungeon, and saw 3 of its levels.

You collected 97 gold pieces.

Inventory:

Hand Weapons
 a - a +0 long sword (weapon)
Armour
 b - a +0 scale mail (worn)
 c - a +0 buckler (worn)
 k - a +0 helmet (worn)
Jewellery
 d - a ring of ice
 j - a ring of protection from fire
Wands
 w - a wand of flame (15)
 y - a wand of mindburst (17)
Scrolls
 f - 3 scrolls of identify {unknown}
 i - a scroll of amnesia {unknown}
 m - 3 scrolls of vulnerability {unknown}
 n - 2 scrolls of enchant armour {unknown}
 o - a scroll of enchant weapon {unknown}
 p - a scroll of silence {unknown}
 q - a scroll of fog {unknown}
 r - a scroll of noise {unknown}
 t - a scroll of brand weapon {unknown}
 u - a scroll of magic mapping {unknown}
 v - a scroll of teleportation {unknown}
 x - a scroll of blinking {unknown}
Potions
 e - a potion of degeneration {unknown}
 g - a potion of heal wounds {unknown}
 h - 3 potions of brilliance {unknown}
 l - a potion of magic {unknown}
 s - a potion of berserk rage {unknown}
 z - a potion of lignification {unknown}
 A - 2 potions of haste {unknown}
 B - 2 potions of curing {unknown}


   Skills:
 + Level 3.7 Fighting
 * Level 4.4 Long Blades
 + Level 3.2 Armour
 + Level 1.2 Dodging
 + Level 0.2 Stealth
 + Level 2.9 Shields


You had 4 spell levels left.
You didn't know any spells.
Your spell library contained the following spells:

 Spells                   Type           Power      Damage    Failure   Level
 Blink                    Tloc           0%         N/A       67%         2
 Lesser Beckoning         Tloc           0%         N/A       67%         2
 Momentum Strike          Conj/Tloc      0%         3d8       67%         2
 Gell's Gravitas          Tloc           0%         N/A       88%         3
 Teleport Other           Tloc           0%         N/A       88%         3
 Dispersal                Tloc           0%         N/A       100%        6


Dungeon Overview and Level Annotations

Branches:
Dungeon (3/15)

Altars:


Innate Abilities, Weirdness & Mutations

Your movements are significantly less encumbered by armour. (ER -6)


Message History

You kill the orc!
The orc priest hits you but does no damage.
You hit the orc priest.
The orc priest is lightly wounded.
The orc priest completely misses you.
You slash the orc priest!
The orc priest is severely wounded.
The orc priest barely misses you.
You closely miss the orc priest.
The orc priest is severely wounded.
The orc priest closely misses you.
You hit the orc priest but do no damage.
The orc priest is severely wounded.
The orc priest hits you but does no damage.
You barely miss the orc priest.
The orc priest is severely wounded.
The orc priest misses you.
The orc priest mumbles some strange prayers to Beogh against you.
Beogh smites you!
You hit the orc priest but do no damage.
The orc priest is severely wounded.
You block the orc priest's attack.
You barely miss the orc priest.
The orc priest is severely wounded.
The orc priest calls down the wrath of Beogh upon you.
Beogh smites you!
You barely miss the orc priest.
The orc priest is severely wounded.
You block the orc priest's attack.
You hit the orc priest.
The orc priest is almost dead.
The orc priest closely misses you.
You hit the orc priest but do no damage.
The orc priest is almost dead.
The orc priest invokes the aid of Beogh against you.
Beogh smites you!
* * * LOW HITPOINT WARNING * * *
The orc priest calls down the wrath of Beogh upon you.
Beogh smites you!
You die...

######## #......# ##
#########......######.
#oo{o@..'......+......
....#######......#####..
# #.......#.....
##.#'###.#.....
#........#....)
#..#.##.....)..
#..#.#....#....
#..#.#....#....
##########..#.##...#....


You could see an orc priest and 2 orcs.

Vanquished Creatures
  An ice beast (D:3)
  A phantom (D:3)
  3 adders
  A worm (D:2)
  2 dart slugs
  2 orcs (D:3)
  9 endoplasms
  A giant cockroach (D:3)
  A goblin (D:1)
  3 hobgoblins
  3 jackals (D:1)
  4 quokkas
  A ball python (D:3)
  3 bats
  A frilled lizard (D:1)
  11 kobolds
  7 rats
54 creatures vanquished.

Vanquished Creatures (others)
  2 fungi (D:2)
  3 plants (D:2)
5 creatures vanquished.

Grand Total: 59 creatures vanquished

Notes
Turn   | Place    | Note
-------+----------+-------------------------------------------
     0 | D:1      | Adrian566 the Demonspawn Fighter began the quest for the
                  | Orb.
     0 | D:1      | Reached XP level 1. HP: 18/18 MP: 1/1
   137 | D:1      | Gained mutation: Your movements are slightly less
                  | encumbered by armour. (ER -2) [demonic ancestry]
   137 | D:1      | Reached XP level 2. HP: 17/24 MP: 2/2
   421 | D:1      | Reached skill level 2 in Long Blades
   708 | D:2      | Found a faded altar of an unknown god.
   877 | D:2      | Reached XP level 3. HP: 24/29 MP: 3/3
  1415 | D:3      | Noticed an ice beast
  1429 | D:3      | Killed an ice beast
  1430 | D:3      | Reached skill level 3 in Long Blades
  1430 | D:3      | Reached skill level 1 in Dodging
  1430 | D:3      | Gained mutation: Your movements are less encumbered by
                  | armour. (ER -4) [demonic ancestry]
  1430 | D:3      | Reached XP level 4. HP: 17/35 MP: 4/4
  1430 | D:3      | Gained mutation: Your movements are significantly less
                  | encumbered by armour. (ER -6) [demonic ancestry]
  1430 | D:3      | Reached XP level 5. HP: 20/41 MP: 5/5
  1755 | D:3      | Noticed a phantom
  1775 | D:3      | Killed a phantom
  1776 | D:3      | Reached skill level 4 in Long Blades
  2379 | D:3      | Killed from afar by an orc priest

Illustrated notes

Levels and vault maps discovered:
D:1:      psy_arrival_radial02, layout_rooms
D:2:      layout_basic, basic_altar, dreamdust_ecumenical_altar_grove,
          minmay_misc_feat_more_columns, kennysheep_donut, grunt_ministairs_14,
          serial_bayou_ford_a
D:3:      layout_basic, minmay_misc_feat_alley

Skill      XL: |  1  2  3  4  5 |
---------------+----------------+-----
Long Blades    | 2 3 4 |  4.4
Armour         | 3 |  3.2
Dodging        | 1 |  1.2
Fighting       | |  3.7
Stealth        | |  0.2
Shields        | |  2.9

Action                     |  1- 3 |  4- 6 || total
---------------------------+-------+-------++-------
  Melee: Long sword        |   121 |    65 ||   186
    Use: Potion            |     1 |       ||     1
   Stab: Sleeping          |       |     1 ||     1
 Armour: Scale mail        |    65 |    14 ||    79
  Dodge: Dodged            |    60 |    26 ||    86
  Block: Buckler           |    32 |    11 ||    43

Table legend: (Time is in decaauts)
 A = Elapsed time spent in this place.
 B = Non-inter-level travel time spent in this place.
 C = Inter-level travel time spent in this place.
 D = Time resting spent in this place.
 E = Time spent auto-exploring this place.
 F = Levels seen in this place.
 G = Mean time per level.
                   A        B        C        D        E       F      G
               +--------+--------+--------+--------+--------+-----+--------+
         Total |   2447 |   2381 |     66 |      0 |   1921 |   3 |  815.7 |
       Dungeon |   2447 |   2381 |     66 |      0 |   1921 |   3 |  815.7 |
               +--------+--------+--------+--------+--------+-----+--------+

Top non-repeatable levels by time:
     D:3: 1024 daAuts
     D:2: 775 daAuts
     D:1: 646 daAuts
